 Dungeon Crawl Stone Soup version 0.15-a0-1439-g2e54579 (webtiles) character file.

94 Herrn the Skirmisher (level 4, 0/37 HPs)
             Began as a Demonspawn Fighter on June 12, 2014.
             Slain by a gnoll
             ... wielding a +0,+0 halberd
              (10 damage)
             ... on Level 2 of the Dungeon.
             The game lasted 00:05:14 (1753 turns).

Herrn the Skirmisher (Demonspawn Fighter)           Turns: 1753, Time: 00:05:14

HP   0/37        AC  6     Str 16      XL: 4   Next: 38%
MP   4/4         EV  6     Int  9      God:
Gold 77          SH  9     Dex 14      Spells:  0 memorised,  3 levels left

rFire  . . .     SeeInvis .     a - +0 war axe
rCold  . . .     Clarity  .     b - +0 scale mail
rNeg   . . .     rCorr    .     c - +0 shield
rPois  .         rRot     .     (no helmet)
rElec  .         Spirit   .     (no cloak)
SustAb .         Warding  .     (no gloves)
rMut   .         Stasis   .     (no boots)
Gourm  .                        (no amulet)
MR     .....                    (no ring)
                                (no ring)

@: not resistant to hostile enchantments, extremely unstealthy
A: demonic guardian 1
a: no special abilities


You were on level 2 of the Dungeon.
You were not hungry.

You visited 1 branch of the dungeon, and saw 2 of its levels.

You collected 77 gold pieces.

Inventory:

Hand weapons
 a - a +0,+0 war axe (weapon)
Armour
 b - a +0 scale mail (worn)
 c - a +0 shield (worn)
Comestibles
 d - 3 bread rations
 k - a slice of pizza
 o - 2 beef jerkies
 u - 2 chunks of gnoll flesh
Scrolls
 f - 3 scrolls of noise {unknown}
 g - 2 scrolls of enchant weapon II {unknown}
 j - 2 scrolls of identify {unknown}
 l - a scroll of recharging {unknown}
 n - a scroll of immolation {unknown}
 q - a scroll of remove curse {unknown}
 r - a scroll of amnesia {unknown}
 t - a scroll of magic mapping {unknown}
Potions
 e - 2 potions of might
 h - 2 potions of magic {unknown}
 i - a potion of curing {unknown}
 m - a potion of haste {unknown}
 p - a potion of agility {unknown}


   Skills:
 * Level 4.0 Fighting
 * Level 2.5 Axes
 + Level 3.1 Armour
 + Level 1.0 Dodging
 + Level 3.0 Shields


You had 3 spell levels left.
You didn't know any spells.

Dungeon Overview and Level Annotations

Branches:
Dungeon (2/15)

Altars:


Innate Abilities, Weirdness & Mutations

A weak demonic guardian rushes to your aid.


Message History

Your Dodging skill increases to level 1!
The gnoll hits you but does no damage. You block the gnoll's attack.
You slash the gnoll!
The gnoll is almost dead.
The gnoll hits you with a halberd! You block the gnoll's attack.
You closely miss the gnoll.
The gnoll is almost dead.
Your iron imp disappears in a puff of smoke!
The gnoll hits you from afar with a spear.
The gnoll hits you but does no damage. The gnoll hits you with a spear.
The gnoll hits you with a halberd.
* * * LOW HITPOINT WARNING * * *
Things that are here:
a club; a gnoll corpse You hit the gnoll.
The gnoll is lightly wounded.
The gnoll hits you with a spear.
* * * LOW HITPOINT WARNING * * *
The gnoll hits you with a halberd!
You die...

..%..# ##....## .....#
#......##### ##...#
#....#.....# # ##..##
#....##....# .#
#...#######.##....###.#
#......# #.##.###....#
###......#
#.##.###....#
#........#
#.##g##....##
#.....#.## #.##@##.####
#.....#.# #..g....#
##......# #.......#
#......## #.......#
#.......## #....####
###...#...###.....#
......(.......#...#
###..##...........#
###..[...##....#.#####


You could see 2 gnolls.

Vanquished Creatures
  2 gnolls (D:2)
  An adder (D:2)
  A worm (D:2)
  6 bats
  3 giant cockroaches
  7 goblins
  A hobgoblin (D:1)
  2 jackals (D:2)
  4 giant newts
  7 kobolds
  6 rats
40 creatures vanquished.

Vanquished Creatures (collateral kills)
  3 gnolls (D:2)
3 creatures vanquished.

Grand Total: 43 creatures vanquished

Notes
Turn   | Place    | Note
--------------------------------------------------------------
     0 | D:1      | Herrn, the Demonspawn Fighter, began the quest for the Orb.
     0 | D:1      | Reached XP level 1. HP: 18/18 MP: 1/1
   306 | D:1      | Gained mutation: A weak demonic guardian rushes to your aid. [demonic ancestry]
   306 | D:1      | Reached XP level 2. HP: 24/24 MP: 2/2
   864 | D:2      | Reached XP level 3. HP: 25/30 MP: 3/3
  1570 | D:2      | Reached XP level 4. HP: 20/37 MP: 4/4
  1747 | D:2      | Reached skill level 4 in Fighting
  1749 | D:2      | Reached skill level 1 in Dodging
  1753 | D:2      | Slain by a gnoll

Action                   |  1- 3 |  4- 6 || total
-------------------------+-------+-------++-------
Melee: War axe           |   151 |    12 ||   163
